 Dungeon Crawl Stone Soup version 0.31-a0-473-g61b50ae490 (webtiles) character file.

Game seed: 13618604849516572907

8 tatocazan the Trooper (level 2, 24/24 HPs)
             Began as a Demonspawn Berserker on Aug 6, 2023.
             Was a Follower of Trog.
             Quit the game on level 2 of the Dungeon.
             The game lasted 00:00:43 (991 turns).

tatocazan the Trooper (Demonspawn Berserker)         Turns: 991, Time: 00:00:44

Health: 24/24      AC:  2    Str: 17    XL:     2   Next: 0%
Magic:  2/2        EV: 12    Int:  8    God:    Trog [*.....]
Gold:   48         SH:  0    Dex: 12    Spells: 1/1 levels left

rFire   . . .        a - +0 hand axe
rCold   . . .        (no shield)
rNeg    . . .        b - +0 animal skin
rPois   .            (no helmet)
rElec   .            (no cloak)
rCorr   .            (no gloves)
SInv    .            (no boots)
Will    .....        (no amulet)
Stlth   +            (no ring)
HPRegen 0.24/turn    (no ring)
MPRegen 0.16/turn

%: no passive effects
@: no status effects
A: magic regeneration
a: Renounce Religion, Berserk


You were on level 2 of the Dungeon.
You worshipped Trog.
Trog was aware of your devotion.
You visited 1 branch of the dungeon, and saw 2 of its levels.

You collected 48 gold pieces.

Inventory:

Hand Weapons
 a - a +0 hand axe (weapon)
Armour
 b - a +0 animal skin (worn)
Scrolls
 d - 4 scrolls of identify {unknown}
 e - a scroll of teleportation {unknown}
 g - a scroll of fear {unknown}
Potions
 c - a potion of attraction {unknown}
 f - a potion of mutation {unknown}


   Skills:
 + Level 3.1 Fighting
 + Level 2.8 Axes
 + Level 2.0 Armour
 + Level 2.0 Dodging


You had one spell level left.
You didn't know any spells.
Your spell library was empty.

Dungeon Overview and Level Annotations

Branches:
Dungeon (2/15)

Altars:


Innate Abilities, Weirdness & Mutations

You regenerate magic rapidly.


Message History

There is an escape hatch in the floor here.
Key pressed, stopping explore.
You see here 5 stones.
Key pressed, stopping explore.
You see here a +0 dagger.
You open the door.
There is an open door here.
You open the door.
There is an open door here.
Done exploring.
Done exploring.
Done exploring.
There is a stone staircase leading down, spattered with blood here.
You climb downwards.
There is a stone staircase leading up here.
A ball python comes into view.
Found a scroll labelled ILENESME TAEWE.
A ball python is nearby!
A ball python is nearby!
The ball python hisses angrily.
You see here a scroll labelled ILENESME TAEWE.
The ball python bites you. The ball python barely misses you.
You take 1 damage, and have 17/18 hp.
You slash the ball python!
You kill the ball python!
Trog accepts your kill.
Your Dodging skill increases to level 2!
You have reached level 2!
Your demonic ancestry asserts itself...
Your magic begins to regenerate rapidly.
You regained 6 hp, and now have 23/24 hp.
MP restored: 2 HP restored.
g - a scroll labelled ILENESME TAEWE Health restored: 24 You see here a ball python corpse.
Found a scale mail.
Unknown command.
You see here a ball python corpse.
Are you sure you want to abandon this character and quit the game? (Confirm with "yes".)

##############.#
#.@..†..........
#.##########...[
#<# . #.# #.#
#.# #.# ###


There were no monsters in sight!

Vanquished Creatures
  2 goblins (D:1)
  A hobgoblin (D:1)
  2 kobolds (D:1)
  A ball python (D:2)
  A frilled lizard (D:1)
  A rat (D:1)
8 creatures vanquished.

Notes
Turn   | Place    | Note
-------+----------+-------------------------------------------
     0 | D:1      | tatocazan the Demonspawn Berserker began the quest for the
                  | Orb.
     0 | D:1      | Reached XP level 1. HP: 18/18 MP: 1/1
   975 | D:2      | Gained mutation: You regenerate magic rapidly. [demonic
                  | ancestry]
   975 | D:2      | Reached XP level 2. HP: 23/24 MP: 2/2
   991 | D:2      | Quit the game

Illustrated notes

Levels and vault maps discovered:
D:1:      minmay_arrival_four_circles, layout_loops_corners
D:2:      layout_loops_ring, minmay_misc_feat_ornament, uniq_crazy_yiuf_cottage,
          uniq_terence

Skill      XL: |  1 |
---------------+----+-----
Armour         | 2 |  2.0
Dodging        | 2 |  2.0
Fighting       | |  3.1
Axes           | |  2.8

Action                     || total
---------------------------++-------
  Melee: Hand axe          ||    34
 Armour: Animal skin       ||     3
  Dodge: Dodged            ||    19

Table legend: (Time is in decaauts)
 A = Elapsed time spent in this place.
 B = Non-inter-level travel time spent in this place.
 C = Inter-level travel time spent in this place.
 D = Time resting spent in this place.
 E = Time spent auto-exploring this place.
 F = Levels seen in this place.
 G = Mean time per level.
                   A        B        C        D        E       F      G
               +--------+--------+--------+--------+--------+-----+--------+
         Total |    996 |    959 |     37 |      0 |    866 |   2 |  498.0 |
       Dungeon |    996 |    959 |     37 |      0 |    866 |   2 |  498.0 |
               +--------+--------+--------+--------+--------+-----+--------+

Top non-repeatable levels by time:
     D:1: 974 daAuts
     D:2: 21 daAuts
